 Dungeon Crawl Stone Soup version 0.24-a0-580-g6a6c3f83c1 (webtiles) character file.

Game seed: 18312378205521582873

63 Gynju the Slasher (level 4, 0/36 HPs)
             Began as a Barachi Fighter on Aug 22, 2019.
             Slain by a gnoll
             ... wielding a +0 halberd
              (10 damage)
             ... on level 1 of the Dungeon.
             The game lasted 00:01:46 (783 turns).

Gynju the Slasher (Barachi Fighter)                  Turns: 783, Time: 00:01:47

Health: 0/36       AC:  9    Str: 18    XL:     4   Next: 9%
Magic:  4/4        EV:  7    Int:  8    God:
Gold:   44         SH:  9    Dex: 12    Spells: 3/3 levels left

rFire    . . .     SeeInvis .   a - +0 long sword
rCold    . . .     Gourm    .   c - +0 shield
rNeg     . . .     Faith    .   b - +0 scale mail
rPois    .         Spirit   .   (no helmet)
rElec    .         Reflect  .   g - +0 cloak
rCorr    .         Harm     .   h - +0 pair of gloves
MR       .....                  (no boots)
Stlth    ..........             (no amulet)
HPRegen  0.12/turn              (no ring)
MPRegen  0.09/turn              (no ring)

@: slow
A: +LOS, swims, slowness 1, strong legs 1
a: Hop


You were on level 1 of the Dungeon.
You were not hungry.

You visited 1 branch of the dungeon, and saw 2 of its levels.

You collected 44 gold pieces.

Inventory:

Hand Weapons
 a - a +0 long sword (weapon)
Armour
 b - a +0 scale mail (worn)
 c - a +0 shield (worn)
 g - a +0 cloak (worn)
 h - a +0 pair of gloves (worn)
Scrolls
 e - 2 scrolls of magic mapping {unknown}
 i - a scroll of remove curse {unknown}
 j - a scroll of fear {unknown}
Potions
 d - a potion of might
Comestibles
 f - 2 rations
 k - 9 chunks of flesh


   Skills:
 - Level 3.6 Fighting
 + Level 5.1 Long Blades
 - Level 3.6 Armour
 - Level 3.2 Shields


You had 3 spell levels left.
You didn't know any spells.
Your spell library was empty.

Dungeon Overview and Level Annotations

Branches:
Dungeon (2/15)

Altars:


Innate Abilities, Weirdness & Mutations

Shadows flee at your approach. (+LOS)
You can swim through water.
You cover ground slowly.
You can hop short distances.


Message History

The gnoll hits you from afar with a +0 halberd.
The gnoll hits you but does no damage. The gnoll hits you but does no damage.
There is a stone staircase leading up here.
The gnoll hits you from afar with a +0 halberd.
Some of the chunks of flesh in your inventory have rotted away.
The gnoll hits you but does no damage. x2
There is a stone staircase leading up here.
The gnoll hits you with a +0 spear. You block the gnoll's attack.
You climb upwards.
There is a stone staircase leading down here.
The gnoll closely misses you. You block the gnoll's attack.
Some of the chunks of flesh in your inventory have rotted away.
You block the gnoll's attack. The gnoll barely misses you.
Your shield and scale mail prevent you from hitting the gnoll.
You block the gnoll's attack.
The gnoll hits you from afar with a +0 spear.
* * * LOW HITPOINT WARNING * * *
The gnoll hits you with a +0 halberd!
You die...

).##.#####...##..###.....#
...........#####.###..[..#
...).......# #....(....#
...).......# ####.#########
...........# #..........#
.##.#.#...>#### #..........#
###.#.###..g..# #....).....#
'.+.#.+.).###.####..........#
###+#+####....gg@...........#
.........#.######...........#
..#.8.#..#.# #.#######.###
...§.≈.....# #.# #.##
.........### #.##### #..#
).#...#†.# ##...).####.#
.........# ##.......###.#
.........######.........##.#
..#...#..#..............##.#


You could see 2 gnolls.

Vanquished Creatures
  2 gnolls (D:2)
  An ooze (D:2)
  A worm (D:2)
  A dart slug (D:1)
  2 bats (D:1)
  A giant cockroach (D:1)
  5 goblins
  5 hobgoblins
  6 jackals
  2 frilled lizards
  2 kobolds (D:1)
  6 rats
34 creatures vanquished.

Vanquished Creatures (others)
  A giant cockroach (D:1)
1 creature vanquished.

Grand Total: 35 creatures vanquished

Notes
Turn   | Place    | Note
-------+----------+-------------------------------------------
     0 | D:1      | Gynju the Barachi Fighter began the quest for the Orb.
     0 | D:1      | Reached XP level 1. HP: 18/18 MP: 1/1
    89 | D:1      | Reached skill level 3 in Long Blades
    96 | D:1      | Reached XP level 2. HP: 19/24 MP: 2/2
   592 | D:1      | Reached skill level 4 in Long Blades
   636 | D:1      | Reached XP level 3. HP: 29/29 MP: 3/3
   747 | D:2      | Reached skill level 5 in Long Blades
   747 | D:2      | Reached XP level 4. HP: 17/36 MP: 4/4
   783 | D:1      | Slain by a gnoll

Levels and vault maps discovered:
D:1:      shiori_arrival_oz, layout_rooms
D:2:      layout_rooms, old_standard_altar, minmay_domino_2

Skill      XL: |  1  2  3 |
---------------+----------+-----
Long Blades    | 3 4 5 |  5.1
Fighting       | |  3.6
Armour         | |  3.6
Shields        | |  3.2

Action                   |  1- 3 |  4- 6 || total
-------------------------+-------+-------++-------
Melee: Long sword        |   105 |     1 ||   106
Armor: Scale mail        |    83 |     4 ||    87
Dodge: Dodged            |    34 |     3 ||    37
Block: Shield            |    63 |     5 ||    68
       Rpst.: Long sword |     9 |     1 ||    10

Table legend:
 A = Non-vault XP
 B = Vault XP
 C = Vault XP percentage of total XP
 D = Non-vault monster count
 E = Vault monster count
 F = Vault count percentage of total count
                 A         B        C        D         E       F
            +---------+---------+-------+---------+---------+-------
      Total |      88 |       2 |   2.2 |      33 |       1 |   2.9
            +---------+---------+-------+---------+---------+-------
        D:1 |      33 |       2 |   5.7 |      20 |       1 |   4.8
        D:2 |      55 |       0 |   0.0 |      13 |       0 |   0.0
            +---------+---------+-------+---------+---------+-------
